[Event "45th FIDE Olympiad 2024"]
[Site "Budapest"]
[Date "2024.09.12"]
[Round "2.132"]
[White "Gong, Daniel Hanwen"]
[Black "Sosa, Tomas"]
[Result "0-1"]
[ECO "C56"]
[WhiteElo "2240"]
[BlackElo "2515"]
[Annotator "TA"]
[PlyCount "62"]
[EventDate "2024.09.05"]
[EventType "team-tourn"]
[EventCountry "HUN"]
[SourceTitle "playchess.com"]
[Source "ChessBase"]
[SourceQuality "1"]
[WhiteTeam "New Zealand"]
[BlackTeam "Argentina"]
[WhiteTeamCountry "NZL"]
[BlackTeamCountry "ARG"]
[TimeControl "40/5400+30:1800+30"]

1. e4 e5 2. Nf3 Nc6 3. Bc4 Nf6 4. d4 exd4 5. e5 d5 6. Bb5 Nd7 7. O-O Be7 8. Bxc6 bxc6 9. Nxd4 Nb8 10. c4 O-O 11. Nc3 {The position is equal.} dxc4 12. Be3 c5 13. Qf3 $2 (13. Ndb5 $11) 13... cxd4 $19 14. Qxa8 dxe3 $2 (14... Bf5 $19 {and Black stays clearly on top.} 15. Rfd1 Bd3) 15. Qxb8 $17 {Strongly threatening Rad1.} exf2+ 16. Kh1 $1 Bc5 17. Qb5 Bb6 {White must now prevent ...Bb7.} 18. Qxc4 Qg5 (18... Bb7 $1 $17 19. Qf4 Qd4 20. Qxd4 Bxd4) 19. Nd5 (19. Ne4 $15 Qxe5 20. Nxf2 Qxb2 21. Nd3) 19... Bb7 $1 (19... Qxe5 20. Nxb6 axb6 21. Rxf2 $16) 20. a4 {[#]} a5 $1 {...Re8 is the strong threat.} (20... Qxe5 21. Nxb6 axb6 22. Rxf2 $18) 21. Ra3 {[%cal Od5f6] [#]} Re8 $1 $40 {[%mdl 128] Black attacks with force. Some like it hot} ({Inferior is} 21... Qxe5 22. Nxb6 cxb6 23. Rxf2 $16) 22. Nf6+ $2 (22. Rg3 $17 Bxd5 (22... Qxe5 23. Nxb6 Qe1 24. Rc3 $17) 23. Qxd5 Qxe5 24. Qxe5 Rxe5 25. Rc3) 22... gxf6 $19 23. Rg3 {[#]} Rxe5 {[%cal Og5g3] aiming for ...Qxg3!} 24. Qh4 (24. Qc3 Be3) 24... Qxg3 25. hxg3 Re1 26. Qc4 Re4 (26... Bc8 $142 27. g4 Be6) 27. Qc2 Re1 $2 (27... Re5 28. Rxf2 Be4) 28. Qc4 Re5 $2 (28... Bc8 $19 {...Be6 would now be deadly.} 29. g4 Be6 (29... Rxf1+ 30. Qxf1 Bd7 31. b3 $19)) 29. g4 $2 (29. Qh4 $11 Ba6 30. Rxf2 Bxf2 31. Qg4+ Rg5 32. Qf3) 29... Re4 {Black is clearly winning.} 30. Qc2 Rxg4 31. Kh2 Rxg2+ {Weighted Error Value: White=0.96/Black=1.28.  Loses game:     	White=3     	---        Missed win:     	---       	Black=1      Mistake:       	White=1     	Black=2      Inaccurate:     	White=3     	---        OK:         	White=4     	Black=4      Best:        	White=3     	Black=5      Strong:       	White=1     	Black=2} ({Weaker is} 31... Bxg2 32. Rxf2 Bxf2 33. Qxf2 $15) 0-1

[Event "45th FIDE Olympiad 2024"]
[Site "Budapest"]
[Date "2024.09.12"]
[Round "2.133"]
[White "Camacho Collados, Jose"]
[Black "Schitco, Ivan"]
[Result "1/2-1/2"]
[ECO "A48"]
[WhiteElo "2352"]
[BlackElo "2527"]
[Annotator "TA"]
[PlyCount "83"]
[EventDate "2024.09.05"]
[EventType "team-tourn"]
[EventCountry "HUN"]
[SourceTitle "playchess.com"]
[Source "ChessBase"]
[SourceQuality "1"]
[WhiteTeam "Wales"]
[BlackTeam "Moldova"]
[WhiteTeamCountry "WLS"]
[BlackTeamCountry "MDA"]
[TimeControl "40/5400+30:1800+30"]

1. d4 Nf6 2. Nf3 g6 3. Bg5 Bg7 4. Nbd2 O-O 5. c3 h6 6. Bh4 d6 7. e4 Qe8 8. a4 e5 9. dxe5 (9. Bb5 $5 Nc6 10. dxe5 dxe5 11. O-O $11) 9... dxe5 10. Bc4 a5 11. O-O Nbd7 12. Re1 Nh5 13. Nf1 Nb6 14. Bb3 Be6 15. Ne3 c6 16. Qc2 Nd7 17. Bxe6 Qxe6 18. b4 {Dodges Nc5} f5 19. exf5 gxf5 20. Rad1 e4 21. Nd4 Bxd4 22. Rxd4 ({Much less strong is} 22. cxd4 Nf4 $16 (22... axb4 23. d5 $14)) 22... Ne5 {Prevents f3} 23. Qd1 {[#] Hoping for Rd6.} Qg6 {Threatens to win with ...Nf3+.} 24. Rd6 Nf6 25. Kf1 $36 {[%mdl 2048] Qb3+ would now be deadly. White is in control.} f4 (25... Rae8 $142) 26. Rxf6 $16 Rxf6 27. Bxf6 Qxf6 28. Ng4 Qe6 29. Nxe5 (29. Rxe4 Qxg4 30. Qxg4+ Nxg4 $19) 29... Qxe5 {[%mdl 4096] Endgame. KQR-KQR} 30. Qg4+ Kh8 31. Qg6 Re8 32. Qxh6+ Kg8 33. h4 (33. Qg6+ $16 Kf8 34. bxa5) 33... e3 34. Qg5+ ({White should try} 34. Qg6+ $16 Kh8 35. bxa5) 34... Qxg5 $11 {The position is equal.} 35. hxg5 axb4 36. cxb4 {KR-KR} Re4 37. fxe3 Rxb4 38. a5 fxe3 39. Rxe3 Rb5 40. Re7 Rxa5 41. Rxb7 Rxg5 42. Rc7 {Black escapes into a draw.   Weighted Error Value: White=0.14 (very precise) /Black=0.13 (very precise) .  Mistake:       	White=2     	Black=1      Inaccurate:     	---       	Black=3      OK:         	White=14    	Black=13     Best:        	White=4     	Black=2} 1/2-1/2

[Event "45th FIDE Olympiad 2024"]
[Site "Budapest"]
[Date "2024.09.12"]
[Round "2.134"]
[White "Macovei, Andrei"]
[Black "Kozusek, Daniel"]
[Result "1-0"]
[ECO "B12"]
[WhiteElo "2464"]
[BlackElo "2367"]
[Annotator "TA"]
[PlyCount "95"]
[EventDate "2024.09.05"]
[EventType "team-tourn"]
[EventCountry "HUN"]
[SourceTitle "playchess.com"]
[Source "ChessBase"]
[SourceQuality "1"]
[WhiteTeam "Moldova"]
[BlackTeam "Wales"]
[WhiteTeamCountry "MDA"]
[BlackTeamCountry "WLS"]
[TimeControl "40/5400+30:1800+30"]

1. e4 c6 2. d4 d5 3. e5 c5 4. c3 Nc6 5. Be2 cxd4 6. cxd4 Bf5 7. Nf3 e6 8. O-O Nge7 9. Nc3 Bg4 10. Nh4 Bxe2 11. Nxe2 Ng6 {The position is equal.} 12. Nf3 Be7 13. g3 f6 14. Nf4 Nxf4 15. Bxf4 f5 16. h4 h6 17. Qd2 O-O 18. Kg2 Qe8 19. Rac1 Rc8 20. a3 Rc7 21. Be3 Qh5 22. Rh1 Rfc8 23. Ne1 b6 24. b4 a5 25. Nd3 axb4 26. axb4 Qf7 27. Ra1 (27. Rc2 $142) 27... Na7 ({Black should play} 27... f4 $1 $11 28. Nxf4 (28. Bxf4 Nxd4 29. Rhc1 Qf5 $17) 28... Nxb4) 28. Ra6 $14 Rc2 29. Qd1 Bd8 $1 30. Nc5 $1 Rc4 {[#]} (30... bxc5 $16 {was worth a try.} 31. Qxc2 cxd4) 31. Nxe6 $1 $18 Qxe6 32. Rxa7 Rxb4 33. Qf3 b5 (33... Rb8 $142 34. Rha1 Rc4) 34. Rha1 {R1a6 would now be deadly.} Bb6 35. R1a6 Rc6 $2 (35... Rbc4 36. Qe2 (36. Rb7 R4c6 $16) 36... Rb8) 36. Ra8+ Kh7 37. Rf8 {[#] Intending Raa8 and mate.} Ra4 38. Rxa4 (38. Qxf5+ $2 Qxf5 39. Rxf5 Rxa6 $19) 38... bxa4 39. Rxf5 $2 (39. Qxf5+ Qxf5 40. Rxf5 Rc8 $19) ({Better is} 39. Bxh6 $18 Qxh6 (39... gxh6 $2 40. Rf6 $18) 40. Rxf5) 39... a3 $2 {[%mdl 8192] Black cannot hold the game after this.} (39... Rc3 $1 $11 {and Black stays safe.} 40. Rf4 (40. Rf8 Bxd4 41. Ra8 Bxe3 $11) 40... a3) 40. Rf8 a2 (40... Rc8 {is a better defense.} 41. Rxc8 Qxc8 42. Qxd5 Qd8 43. Qxd8 Bxd8) 41. Ra8 Ba7 (41... Rc7 $142) 42. Qf8 {White wants to mate with Qh8+.} ({Weaker is} 42. Rxa7 Ra6 43. Qf7 (43. Rxa6 $2 Qxa6 44. h5 Qd3 $19) 43... Qxf7 (43... a1=B 44. Qxg7#) 44. Rxa6 Qf5 45. Rxa2 Kg8 $14) 42... a1=Q 43. h5 Rc8 44. Rxc8 Qxc8 45. Qxc8 {Threatening mate with Qf5+.} Bxd4 46. Qf5+ {White mates.} Kh8 47. Bxd4 Qxd4 48. e6 {Weighted Error Value: White=0.35/Black=0.53.  Loses game:     	---       	Black=1      Missed win:     	White=1     	---        Mistake:       	White=1     	Black=6      Inaccurate:     	White=1     	---        OK:         	White=12    	Black=10     Best:        	White=5     	Black=2      Strong:       	White=1     	Black=1      Brilliant:      	White=1     	---} 1-0

[Event "45th FIDE Olympiad 2024"]
[Site "Budapest"]
[Date "2024.09.12"]
[Round "2.135"]
[White "Toczek, Grzegorz"]
[Black "Lashkin, Jegor"]
[Result "0-1"]
[ECO "D02"]
[WhiteElo "2301"]
[BlackElo "2472"]
[Annotator "TA"]
[PlyCount "122"]
[EventDate "2024.09.05"]
[EventType "team-tourn"]
[EventCountry "HUN"]
[SourceTitle "playchess.com"]
[Source "ChessBase"]
[SourceQuality "1"]
[WhiteTeam "Wales"]
[BlackTeam "Moldova"]
[WhiteTeamCountry "WLS"]
[BlackTeamCountry "MDA"]
[TimeControl "40/5400+30:1800+30"]

1. d4 Nf6 2. Nf3 d5 3. Bf4 e6 4. e3 c5 5. c3 Nc6 6. Nbd2 Nh5 {Recently 6...cxd4 got a lot of attention.} 7. Bg3 {D02: 1 d4 d5 2 Nf3 sidelines, including 2...Nf6 3 g3 and 2...Nf6 3 Bf4.} Nxg3 8. hxg3 Qb6 9. Qb3 Bd7 10. O-O-O Be7 11. Be2 O-O-O $146 ({Predecessor:} 11... h6 12. g4 {½-½ Ondozi,M (2377)-Zeneli,K (2156) KOS-chT Pristina 2024 (4.3)}) 12. Qxb6 axb6 13. a3 h6 14. Bd3 Kc7 15. Kb1 Bf6 16. Bc2 Ra8 17. Nb3 Be7 18. Nc1 b5 19. dxc5 Bxc5 20. Nd4 Na7 21. f4 Be7 22. Nd3 Nc8 23. f5 Bd6 24. Nf4 Re8 25. fxe6 fxe6 26. Bg6 Re7 27. e4 dxe4 28. Bxe4 Nb6 29. Ng6 Rf7 30. Rh5 (30. Bd3 {simplifies} Rd8 31. Nxb5+ Bxb5 32. Bxb5 Rf6 33. Nf4) 30... Ra5 31. Nb3 Ra4 32. Nd4 {[#]} (32. Nc5 $11 Rc4 33. Nxb7 Bxg3 34. Rc5+ Rxc5 35. Nxc5) 32... Bxg3 ({Better is} 32... Rf6 $1 $17 {...Be8 would now be deadly.} 33. Ne5 (33. Nxb5+ $2 Bxb5 34. Rxb5 Rxe4 $19) 33... Be8) 33. Bd3 (33. Nxb5+ Kb8 (33... Bxb5 34. Rxb5 Rxe4 35. Rc5+ Kb8 36. Rd8+ $11) 34. Nd4 Bc7) 33... Rf6 34. Ne5 Be8 35. Nxb5+ Kb8 {[#]} 36. Bc2 $2 (36. Bc4 $1 $11 Bxb5 (36... Bxh5 37. Rd8+ Nc8 38. Nd7+ Ka8 39. Rxc8+) (36... Rxc4 37. Nxc4 Nd5 38. Rhxd5 $11) 37. Bxb5) 36... Bxb5 $19 (36... Bxh5 37. Rd8+ Nc8 38. Nd7+ (38. Bxa4 $2 Bxe5 39. Nd4 Bg6+ 40. Ka2 Bxd4 $19) 38... Ka8 39. Rxc8+) 37. Bxa4 Bxa4 (37... Nxa4 $2 38. Nd7+ Bxd7 39. Rxd7 $19) 38. Rd8+ Kc7 39. Rg8 g5 40. Ng4 Rf1+ 41. Ka2 Bc2 42. Ne3 Bb1+ 43. Kb3 Rf6 44. Rh8 Bf4 45. Ng4 $2 (45. Nc2) 45... Rf5 $19 46. a4 Ra5 (46... Be4 47. R5xh6 Bd5+ (47... Bxg2 $2 48. Re8 $19) 48. Kc2 $19) 47. R5xh6 Rxa4 ({But not} 47... Nxa4 48. Rxe6 Bf5 (48... Ba2+ $2 49. Kxa2 Nc5+ 50. Kb1 $19) 49. Rh7+ Bxh7 50. Re7+ Kd6 51. Rxh7 $19) 48. Nf6 Ra5 49. Kb4 Ra2 50. Ne8+ Kd7 51. b3 Nd5+ 52. Kc4 Be5 53. Rg8 Ra6 54. Rh3 Rc6+ 55. Kb5 Nxc3+ 56. Kb4 Nd5+ 57. Kb5 g4 58. Rxg4 Bf5 59. Rg5 Bxh3 (59... Rb6+ $142 60. Ka4 Kc6 (60... Kxe8 $2 61. g4 $19) (60... Bxh3 $2 61. Rxe5 Bg4 62. Ng7 $19) 61. Nc7 Bxc7 (61... Kxc7 $2 62. Rxf5 Kc6 63. b4 $19) 62. Ka3 Ra6+ 63. Kb2 Be5+ 64. Kc1 Bf4+ 65. Kb2 Bxg5 66. g4 Bf6+ (66... Bxg4 {is a self mate.} 67. Rg3 Bf6+ 68. Kc1 Ra1+ 69. Kc2 Nb4+ 70. Kd2 Ra2+ 71. Ke1 Bh4 72. Kf1 Bxg3 73. Kg1 Bh3 74. Kh1 Ra1#) 67. Kc1 Ra1+ (67... Bxg4 68. Rg3 Ra1+ 69. Kc2 Rd1 70. b4 Nxb4+ 71. Kb3 Rb1+ 72. Ka3 Nc2+ 73. Ka4 Rb4+ 74. Ka5 Bd8#) 68. Kd2 Bxg4 69. Kc2 Ra2+ (69... Bxh3 70. Kd3 Ra2 71. Ke4 Bf5+ 72. Kf3 Bh4 73. b4 Rf2#) 70. Kb1 Nb4 71. Kc1 Bg5+ (71... Bxh3 $2 {gets mated.} 72. Kd1 Nd3 73. b4 Bg4#) 72. Re3 Bxe3+ 73. Kb1 Bf5#) 60. Rxe5 Bxg2 61. Ng7 Bf1+ 0-1

[Event "45th FIDE Olympiad 2024"]
[Site "Budapest"]
[Date "2024.09.12"]
[Round "2.136"]
[White "Bologan, Victor"]
[Black "Blackburn, Jonathan L B"]
[Result "1-0"]
[ECO "C18"]
[WhiteElo "2598"]
[BlackElo "2202"]
[Annotator "TA"]
[PlyCount "87"]
[EventDate "2024.09.05"]
[EventType "team-tourn"]
[EventCountry "HUN"]
[SourceTitle "playchess.com"]
[Source "ChessBase"]
[SourceQuality "1"]
[WhiteTeam "Moldova"]
[BlackTeam "Wales"]
[WhiteTeamCountry "MDA"]
[BlackTeamCountry "WLS"]
[TimeControl "40/5400+30:1800+30"]

1. e4 e6 2. d4 d5 3. Nc3 Bb4 4. e5 c5 5. a3 Bxc3+ 6. bxc3 Nc6 7. h4 Bd7 8. Qg4 (8. dxc5 Nxe5 9. Bf4 Qf6 $15) 8... g6 9. h5 {Strongly threatening hxg6.} Nge7 {White is slightly better.} 10. Qd1 Qa5 11. Bd2 O-O-O 12. Nf3 h6 13. a4 g5 14. Bb5 Qc7 15. O-O Rdf8 16. Bc1 f5 17. exf6 (17. dxc5 a6 $11) 17... Rxf6 18. Nh2 Be8 19. dxc5 Rhf8 20. Be2 Rxf2 21. Rxf2 Rxf2 22. Kxf2 Qxh2 23. Ra3 Nf5 24. c4 $1 Qh4+ 25. Kg1 Ng3 $2 (25... Ne5 $1 $11 {and Black has nothing to worry.}) 26. Bg4 $4 (26. cxd5 $18 {is the narrow road to win.} exd5 27. Bg4+ Kb8 28. Qxd5) 26... Qh1+ $19 (26... Bxh5 $2 27. Rxg3 (27. Bxe6+ $2 Kc7 $19) 27... Qxg3 28. Bxh5 $18) 27. Kf2 Ne4+ {A dynamic duo of knights.} 28. Ke3 {[#]} Qxg2 $4 (28... Qh2 $1 $19 {[%cal Rh2f4] ( -> ...Qf4+)} 29. Bxe6+ (29. cxd5 $2 Qf4+ 30. Kd3 Nf2+ 31. Ke2 Qxg4+ 32. Rf3 Nxd1 $19) 29... Kb8 30. Bxd5 (30. cxd5 $2 Bxh5 $19) 30... Bxh5 31. Qxh5 (31. Qe1 $2 Qf4+ 32. Kd3 Nxc5+ 33. Kc3 Qd4#) 31... Qxh5 32. Bxe4 Qh4 33. Bxc6 bxc6) 29. cxd5 (29. Bxe6+ $18 {and White stays clearly on top.} Kc7 30. Bxd5 (30. cxd5 Nxc5 31. Qg4 Qf1 $11)) 29... Nb4 $2 (29... Nxc5 $16 30. dxc6 Bxc6) 30. Bf3 $18 (30. dxe6 $2 {perishes.} Nxc2+ 31. Kd3 Nf2+ (31... Nxa3 $2 32. Be3 $19) (31... Nxc5+ 32. Kc3 $11) 32. Kxc2 Nxd1+ 33. Kxd1 Qxg4+ $19) ({Weaker is} 30. Bxe6+ Kb8 31. Qf3 Qxc2 $14) 30... Qf2+ 31. Kxe4 exd5+ {[#]} 32. Ke5 $2 (32. Kf5 $1 $18 Qxc5 33. Qe1 Bd7+ 34. Kg6) 32... Nc6+ $2 (32... Qxc5 $11 {and Black stays safe.} 33. Bxd5 Qc7+ 34. Kf6 Qd8+ 35. Kg7 Qd7+ 36. Kxh6 Qd6+ 37. Kxg5 Nxd5) 33. Kxd5 {[%cal Be5d5,Bd5e4,Be4f3,Bf3g3,Bg3h3][%mdl 32] White is clearly winning.} Bf7+ 34. Ke4 Qxc5 35. Bg4+ Kb8 36. Rd3 {[%cal Od3d8] White threatens Rd8+! and mate.} Qb4+ 37. Kf3 {[%cal Od3d8] Threatens to win with Rd8+!} Ne5+ 38. Kg3 Nxd3 39. Qxd3 Qe7 {Against Qd8+} 40. Be3 Qe5+ 41. Kh3 Bd5 42. Qd4 Qxd4 43. Bxd4 Bc6 44. a5 {Weighted Error Value: White=0.44/Black=0.62.  Loses game:     	White=1     	Black=3      Missed win:     	White=2     	Black=1      Mistake:       	White=1     	---        Inaccurate:     	White=1     	Black=3      OK:         	White=11    	Black=13     Best:        	White=4     	Black=2      Strong:       	White=1     	---} 1-0

[Event "45th FIDE Olympiad 2024"]
[Site "Budapest"]
[Date "2024.09.12"]
[Round "2.137"]
[White "Quesada Perez, Luis Ernesto"]
[Black "Barrish, Daniel"]
[Result "1-0"]
[ECO "D02"]
[WhiteElo "2578"]
[BlackElo "2281"]
[Annotator "TA"]
[PlyCount "113"]
[EventDate "2024.09.05"]
[EventType "team-tourn"]
[EventCountry "HUN"]
[SourceTitle "playchess.com"]
[Source "ChessBase"]
[SourceQuality "1"]
[WhiteTeam "Cuba"]
[BlackTeam "South Africa"]
[WhiteTeamCountry "CUB"]
[BlackTeamCountry "RSA"]
[TimeControl "40/5400+30:1800+30"]

1. d4 Nf6 2. Nf3 e6 3. Bf4 d5 4. e3 Bd6 5. Nbd2 O-O 6. Bd3 {D02: 1 d4 d5 2 Nf3 sidelines, including 2...Nf6 3 g3 and 2...Nf6 3 Bf4.} b6 7. Qe2 Bb7 8. Bg3 Ne4 9. Rd1 $5 {[%mdl 4] A promising side line.} Nd7 10. Ba6 $146 ({Predecessor:} 10. Ne5 Nxd2 11. Rxd2 Nf6 12. O-O c5 13. c3 cxd4 14. exd4 Qe7 15. f4 Nd7 16. Rf3 {0-1 Kostelidou,D (1416)-Christodoulou,G (1373) GRE-chT Online Rapid (Women) 1st 2021 (2.10)}) 10... Bxa6 11. Qxa6 Nxg3 12. hxg3 f5 13. c4 c6 {Wards off Qb5} 14. Rc1 Nf6 15. c5 Bc7 16. Qb7 Qd7 17. cxb6 axb6 {Hoping for ...c5.} 18. Qxc6 Qxc6 19. Rxc6 Rxa2 20. Ke2 (20. Rxc7 Ra1+ (20... Rxb2 $2 21. Ke2 $18) 21. Ke2 Rxh1 $17) 20... Bd8 21. Rb1 (21. Rxe6 $6 Rxb2 22. Rc6 b5 $11) 21... Re8 22. Ng5 e5 23. dxe5 Ng4 24. Re6 Rxe6 25. Nxe6 Be7 26. Nf4 Nxe5 27. Nxd5 Bc5 28. Nc3 Ra8 29. Nf3 Nxf3 30. gxf3 Kf7 31. g4 fxg4 32. fxg4 Re8 33. Ra1 Kg6 34. Ra7 Bd4 35. Rd7 Bf6 36. Rd6 Kg5 37. Kf3 Bxc3 38. bxc3 Rc8 $2 (38... Kh4 39. Rd7 (39. Rxb6 Rf8+ 40. Kg2 Kxg4 $16) 39... Rf8+ 40. Ke2 g6) 39. Kg3 $18 (39. Rxb6 Rxc3 40. Kg3 g6 41. f4+ Kh6 $14) 39... g6 40. f4+ (40. Rxb6 Rxc3 41. Rd6 Kh6 $16) 40... Kh6 41. Rd7 {g5+ would kill now.} ({Less strong is} 41. Rxb6 Rxc3 42. g5+ Kg7 $16) 41... g5 42. f5 Rxc3 43. Kf2 Rc4 44. Kf3 b5 45. e4 {aiming for e5.} b4 46. e5 {e6 is the strong threat.} Rf4+ 47. Ke3 b3 48. e6 {Threatening mate with e7.} b2 49. Rb7 {Intending e7 and mate.} Rf1 50. Rxb2 Kg7 51. Ke4 (51. Rb7+ $142 Kg8 52. Ke4 Kf8 53. Ke5 (53. Rxh7 Kg8 $18) 53... Ke8 54. Rb8+ (54. Rxh7 Re1+ 55. Kf6 Kd8 56. Rh8+ Kc7 57. e7 Kd7 58. Rd8+ Kc6 59. e8=Q+ Rxe8) 54... Ke7 55. f6+ (55. Rb7+ Kd8 $18) 55... Rxf6 56. Rb7+ Kd8 57. Kxf6) 51... Kf6 52. Rb7 Re1+ 53. Kf3 (53. Kd4 $142 Rd1+ 54. Kc3) 53... h6 54. Rf7+ Ke5 55. e7 Kd6 56. f6 Re6 57. Rf8 1-0

[Event "45th FIDE Olympiad 2024"]
[Site "Budapest"]
[Date "2024.09.12"]
[Round "2.138"]
[White "Karsten, Jan"]
[Black "Berdayes Ason, Dylan Isidro"]
[Result "1-0"]
[ECO "B12"]
[WhiteElo "2311"]
[BlackElo "2474"]
[Annotator "TA"]
[PlyCount "137"]
[EventDate "2024.09.05"]
[EventType "team-tourn"]
[EventCountry "HUN"]
[SourceTitle "playchess.com"]
[Source "ChessBase"]
[SourceQuality "1"]
[WhiteTeam "South Africa"]
[BlackTeam "Cuba"]
[WhiteTeamCountry "RSA"]
[BlackTeamCountry "CUB"]
[TimeControl "40/5400+30:1800+30"]

1. e4 c6 2. d4 d5 3. e5 Bf5 4. h4 h5 5. Bd3 Qd7 6. c3 {B12: Caro-Kann: Advance Variation.} Nh6 $146 ({Predecessor:} 6... Bxd3 7. Qxd3 e6 8. Nf3 Ne7 9. Bg5 Nf5 10. Nbd2 c5 11. O-O Nc6 12. a3 Be7 {0-1 Czopor,M (2361)-Janik,I (2511) London Mindsports op 4th 2024 (9)}) 7. Ne2 g6 8. Bg5 Bg7 9. Bxf5 Qxf5 10. Qb3 Qd7 11. e6 Qxe6 12. Qxb7 Qd7 13. Qxa8 O-O 14. O-O Na6 15. Qxf8+ Bxf8 16. Nd2 Nf5 17. Nf3 f6 18. Bf4 Nc7 19. Rfe1 Ne6 20. Bd2 Qb7 21. b3 Qc7 22. g3 Kf7 23. Nf4 Nxf4 24. Bxf4 Qa5 25. Bd2 Qa6 26. Kg2 Nd6 27. Bf4 Nf5 28. Nd2 Qd3 29. Rac1 Ng7 30. Bh6 Ne6 31. Be3 Ng7 32. Nf3 Nf5 33. Bf4 Bg7 {[#]} 34. c4 $1 Bf8 {[#]} (34... Nxd4 $2 35. Re3 Qf5 36. Nxd4 $18) 35. cxd5 (35. Bd2 $1 $16 {And now Rc3 would win.} Ng7 (35... Nxd4 $2 36. Rc3 $18) 36. Rc3) 35... cxd5 $11 36. Rc7 Nxd4 37. Nxd4 (37. Re3 $5 Qd1 $8 38. Nxd4 Qxd4 39. Bh6 Bxh6 40. Rexe7+ Kf8 41. Rxa7 $11) 37... Qxd4 38. Be3 Qb4 39. Rd1 a6 40. Rd7 Ke6 41. Ra7 Qa5 42. Rd2 Kf7 43. Kh2 Qb5 44. Rc7 Ke6 $1 45. Rc5 Qb7 46. Bf4 Kf5 47. Rcxd5+ e5 48. Be3 Bb4 49. Rd1 Qc6 50. Rd7 Qc2 51. Ra1 Qb2 52. Rdd1 g5 53. hxg5 fxg5 54. Kg2 Qc2 55. Rac1 Qxa2 56. Rh1 Qe2 (56... Qxb3 57. Rxh5 Be7 58. Rc7 Qd5+ 59. Kh2 $16) 57. Rc7 Ba5 58. Rh7 h4 59. gxh4 Qg4+ 60. Kh2 e4 (60... gxh4 61. Rg1 Qe2 62. Rg5+ (62. Rxh4 Bd2 $11) 62... Ke6 63. Rh6+ (63. Rxh4 Bd2 $11) 63... Kd5 64. Rxh4 $16) 61. Rc1 (61. Rg1 $5 Bc7+ $8 62. Rxc7 Qxh4+ 63. Kg2 Qg4+ 64. Kf1 (64. Kh2 Qh5+ 65. Kg3 Qg4+ 66. Kh2 Qh5+ 67. Kg2 Qf3+ 68. Kf1 Qd1+ 69. Kg2 Qf3+ 70. Kf1 Qd1+ 71. Kg2 Qg4+ 72. Kf1 Qd1+ $11) 64... Qd1+ 65. Kg2 Qg4+ 66. Kf1 Qd1+ 67. Kg2 Qf3+ 68. Kf1 Qd1+ $11) 61... Bb4 $2 (61... Bb6 $11) 62. Rh6 $2 (62. hxg5 Bd6+ 63. Kh1 Be5 $11) ({White must play} 62. Rc6 $18 {Hoping for Rhh6.} Bf8 63. Rf7+ (63. Bxg5 Ke5 $18) (63. hxg5 Bg7 $11) 63... Ke5 64. Bxg5 (64. Rxf8 Qxh4+ 65. Kg1 Qg4+ 66. Kf1 Qd1+ 67. Kg2 Qg4+ 68. Kh2 Qh5+ 69. Kg3 Qh4+ 70. Kg2 Qg4+ 71. Kh2 Qh4+ 72. Kg2 Qg4+ $11)) 62... Qf3 $2 (62... gxh4 $2 63. Rg1 $18 (63. Rxa6 Qe2 $18)) (62... Bf8 $11 63. Rb6 Qxh4+ 64. Kg2 Qg4+ 65. Kf1 Qh3+ 66. Ke1 Qh1+ 67. Kd2 Qh8) 63. hxg5 $18 (63. Bxg5 $2 {too greedy.} Qxf2+ 64. Kh3 Qf3+ 65. Kh2 Bc3 (65... Qxb3 66. Rxa6 Qb2+ 67. Kh3 $11) 66. Rxc3 Qxc3 67. Rf6+ Kg4 68. Rf4+ Kh5 $19) 63... Ke5 64. Rcc6 ({Not} 64. Rxa6 Bd6 $16) 64... Kd5 65. Rxa6 Qg4 66. Rab6 Qd7 67. Rxb4 Ke5 68. Rc4 Kf5 69. Kg3 1-0

[Event "45th FIDE Olympiad 2024"]
[Site "Budapest"]
[Date "2024.09.12"]
[Round "2.139"]
[White "Miranda Mesa, Elier"]
[Black "Levitan, Caleb Levi"]
[Result "1-0"]
[ECO "C74"]
[WhiteElo "2512"]
[BlackElo "2193"]
[Annotator "TA"]
[PlyCount "83"]
[EventDate "2024.09.05"]
[EventType "team-tourn"]
[EventCountry "HUN"]
[SourceTitle "playchess.com"]
[Source "ChessBase"]
[SourceQuality "1"]
[WhiteTeam "Cuba"]
[BlackTeam "South Africa"]
[WhiteTeamCountry "CUB"]
[BlackTeamCountry "RSA"]
[TimeControl "40/5400+30:1800+30"]

1. e4 e5 2. Nf3 Nc6 3. Bb5 a6 4. Ba4 d6 5. c3 f5 6. exf5 Bxf5 7. O-O Bd3 8. Re1 Be7 9. Bc2 Bxc2 10. Qxc2 Nf6 11. d4 e4 12. Ng5 d5 13. f3 h6 $1 (13... exf3 14. Ne6 Qd7 15. Bf4 $15) 14. Nh3 O-O 15. Nd2 exf3 {The position is equal.} 16. Nxf3 Rf7 17. Nf2 Bd6 18. Ne5 Re7 19. Bf4 Nh5 20. Nxc6 bxc6 21. Bxd6 Qxd6 22. Rxe7 Qxe7 23. Ng4 Nf6 24. Ne5 c5 25. h3 Re8 26. Re1 Qd6 27. Rf1 cxd4 28. cxd4 Qb6 29. Qf2 Qe6 {Prevents Nd7.} 30. b4 Rf8 31. a3 Nd7 32. Nf3 Nb6 {[#]} (32... Qd6 $11) 33. Ng5 $1 $16 Rxf2 34. Nxe6 Rxf1+ 35. Kxf1 {[%mdl 4096] Endgame. KN-KN} Nc4 $2 {Black cannot hold the game after this.} (35... c6 $16 36. Nd8 Kh7 37. Nxc6 Kg6) 36. a4 $1 $18 ({Worse is} 36. Nxc7 Nxa3 37. Nxd5 Nc2 $11) 36... c6 {[#]} 37. a5 $1 Ne3+ {[#]} 38. Ke2 $1 Nc2 39. Kd2 Nxb4 (39... Na3 $18 40. Nc7 Kf7 41. Nxa6 Ke7) 40. Nc5 {White mates.} Kf7 41. Kc3 Na2+ 42. Kb2 {Weighted Error Value: White=0.04 (flawless) /Black=0.40.  Mistake:       	---       	Black=3      Inaccurate:     	White=2     	Black=2      OK:         	White=7     	Black=11     Best:        	White=2     	Black=1      Strong:       	White=3     	---        Brilliant:      	White=1     	---} 1-0